 Dungeon Crawl Stone Soup version 0.22-a0-469-gf26638a (webtiles) character file.

130 grizmgrazm2 the Insei (level 5, -3/37 HPs)
             Began as a Merfolk Transmuter on June 11, 2018.
             Killed by divine providence
             ... invoked by an orc priest
              (14 damage)
             ... on level 3 of the Dungeon.
             The game lasted 00:05:06 (2275 turns).

grizmgrazm2 the Insei (Merfolk Transmuter)          Turns: 2275, Time: 00:05:07

Health: -3/37      AC:  3    Str: 10    XL:     5   Next: 14%
Magic:  8/8        EV: 14    Int: 13    God:
Gold:   119        SH:  0    Dex: 15    Spells: 7/8 levels left

rFire    . . .     SeeInvis .     - Unarmed
rCold    . . .     Gourm    .   (no shield)
rNeg     . . .     Faith    .   b - +0 robe
rPois    .         Spirit   .   (no helmet)
rElec    .         Reflect  .   g - +0 cloak
rCorr    .         Harm     .   (no gloves)
MR       .....                  (no boots)
Stlth    ++........             (no amulet)
HPRegen  0.12/turn              (no ring)
MPRegen  0.11/turn              (no ring)

@: very slightly contaminated
A: change form in water, swift swim, stealthy swim
a: no special abilities


You were on level 3 of the Dungeon.
You were not hungry.

You visited 1 branch of the dungeon, and saw 3 of its levels.

You collected 119 gold pieces.

Inventory:

Missiles
 a - 56 arrows
Armour
 b - a +0 robe (worn)
 g - a +0 cloak (worn)
Scrolls
 c - a scroll of enchant weapon {unknown}
 e - a scroll of amnesia {unknown}
 f - a scroll of immolation {unknown}
 h - a scroll of remove curse {unknown}
 i - a scroll of identify {unknown}
Potions
 j - a potion of invisibility
 k - a potion of might {unknown}
Comestibles
 d - 7 rations


   Skills:
 + Level 1.3 Fighting
 + Level 3.9 Dodging
 + Level 1.0 Stealth
 + Level 5.0 Unarmed Combat
 + Level 2.2 Spellcasting
 + Level 3.3 Transmutations


You had 7 spell levels left.
You knew the following spells:

 Your Spells              Type           Power        Failure   Level  Hunger
a - Beastly Appendage     Tmut           ##....       6%          1    ##.....

Your spell library contained the following spells:

 Spells                   Type           Power        Failure   Level  Hunger
 Spider Form              Tmut/Pois      #.........   36%         3    ####...
 Blade Hands              Tmut           ##........   86%         5    ######.
 Ice Form                 Ice/Tmut       #.......     77%         4    #####..
 Sticks to Snakes         Tmut           ##......     10%         2    ###....


Dungeon Overview and Level Annotations

Branches:
Dungeon (3/15)

Altars:
Hepliaklqana
Kikubaaqudgha
Qazlal
Yredelemnul
The Shining One


Message History

You kill the orc!
Your Stealth skill increases to level 1!
The orc priest invokes the aid of Beogh against you.
Beogh smites you!
You are too injured to fight recklessly!
You are too injured to fight recklessly!
It was a potion of invisibility.
You fade into invisibility!
The orc hits you with a short sword.
* * * LOW HITPOINT WARNING * * *
You are very lightly contaminated with residual magic.
Your transformation is almost over.
The orc throws a tomahawk.
The tomahawk hits the orc.
Your horns disappear.
You flicker for a moment.
You flicker back into view.
The orc shouts!
The orc priest calls down the wrath of Beogh upon you.
Beogh smites you!
You die...

......#################.##
......#.....# #.##..#
.....##.....# #####....##
............# #....oo###
#..#.##.....# #.###..#
...#.##.....# #o#.[..#
.....######## #.#.#.##
##.#.# #.#.#.# .....#
#.@...# ###########
###.###
####......#######.#
.......##.##......#
####.#.##†##.###### #
#.#.......# #.####.####
#.# #.# #.. ..#


You could see an orc priest and 2 orcs.

Vanquished Creatures
  An orc wizard (D:2)
  3 adders
  A worm (D:2)
  2 dart slugs
  A leopard gecko (D:2)
  6 orcs
  10 bats
  4 giant cockroaches
  5 goblins
  8 hobgoblins
  3 jackals (D:2)
  5 kobolds
  A quokka (D:3)
  A frilled lizard (D:2)
  4 rats
55 creatures vanquished.

Vanquished Creatures (others)
  A bat (D:2)
1 creature vanquished.

Grand Total: 56 creatures vanquished

Notes
Turn   | Place    | Note
-------+----------+-------------------------------------------
     0 | D:1      | grizmgrazm2 the Merfolk Transmuter began the quest for the Orb.
     0 | D:1      | Reached XP level 1. HP: 15/15 MP: 3/3
   115 | D:1      | Reached XP level 2. HP: 17/21 MP: 5/5
   472 | D:1      | Reached skill level 4 in Unarmed Combat
   664 | D:2      | Found an ancient bone altar of Kikubaaqudgha.
   679 | D:2      | Reached XP level 3. HP: 26/26 MP: 6/6
   820 | D:2      | Found a glowing golden altar of the Shining One.
   829 | D:2      | Found a basalt altar of Yredelemnul.
   851 | D:2      | Reached XP level 4. HP: 13/32 MP: 5/7
   948 | D:2      | Found a hazy altar of Hepliaklqana.
  1530 | D:2      | Noticed an angel
  1883 | D:3      | Reached XP level 5. HP: 28/37 MP: 6/8
  1909 | D:3      | Reached skill level 5 in Unarmed Combat
  2228 | D:3      | Found a stormy altar of Qazlal.
  2251 | D:3      | Reached skill level 1 in Stealth
  2275 | D:3      | Killed from afar by an orc priest

Vault maps used:
D:1:      matt_arrival_refuge, minmay_cut_off
D:2:      grunt_temple_overflow_holy_war, lemuel_crystal_altar,
          overflow_temple_1_default, first_ration
D:3:      nicolae_qazlal_eye_of_the_storm, nicolae_ru_sacrificial_ziggurat

Skill      XL: |  1  2  3  4  5 |
---------------+----------------+-----
Dodging        | 3 |  3.9
Unarmed Combat | 4 5 |  5.0
Transmutations | 3 |  3.3
Stealth        | 1 |  1.0
Fighting       | |  1.3
Spellcasting   | |  2.2

Action                   |  1- 3 |  4- 6 || total
-------------------------+-------+-------++-------
Melee: Unarmed           |    74 |   124 ||   198
       Punch             |     1 |     1 ||     2
       Headbutt          |     1 |     2 ||     3
 Cast: Beastly Appendage |     1 |     9 ||    10
  Use: Potion            |       |     1 ||     1
 Stab: Sleeping          |     1 |     4 ||     5
  Eat: Chunk             |       |     3 ||     3
       Ration            |       |     1 ||     1
Armor: Robe              |    19 |    37 ||    56
Dodge: Dodged            |    49 |    88 ||   137

Table legend:
 A = Spawn XP
 B = Non-spawn XP
 C = Spawn XP percentage of total XP
 D = Spawn monster count
 E = Non-spawn monster count
 F = Spawn count percentage of total count
 G = Total turns spent on level
                    A         B        C        D         E        F      G
               +---------+---------+-------+---------+---------+-------+---------
         Total |       0 |     187 |   0.0 |       0 |      55 |   0.0 |  2275
               +---------+---------+-------+---------+---------+-------+---------
           D:1 |       0 |      28 |   0.0 |       0 |      14 |   0.0 |   652
           D:2 |       0 |     104 |   0.0 |       0 |      26 |   0.0 |   903
           D:3 |       0 |      55 |   0.0 |       0 |      15 |   0.0 |   720
               +---------+---------+-------+---------+---------+-------+---------
